 Dungeon Crawl Stone Soup version 0.26.0-10-g1f06aea511 (webtiles) character file.

Game seed: 10317601651580324753

1649 Borgoz the Slasher (level 9, -9/75 HPs)
             Began as a Ghoul Gladiator on Jan 30, 2021.
             Mangled by an orc warrior
             ... wielding a +0 mace
              (10 damage)
             ... on level 9 of the Dungeon.
             The game lasted 00:09:50 (8276 turns).

Borgoz the Slasher (Ghoul Gladiator)                Turns: 8276, Time: 00:09:50

Health: -9/75      AC:  6    Str: 18    XL:     9   Next: 0%
Magic:  8/8        EV: 14    Int:  3    God:
Gold:   346        SH:  7    Dex: 13    Spells: 8/8 levels left

rFire    . . .     SeeInvis .   a - +1 long sword
rCold    + . .     Faith    .   d - +3 warlock's mirror {reflect}
rNeg     + + +     Spirit   .   e - +0 leather armour
rPois    ∞         Reflect  +   c - +2 helmet
rElec    .         Harm     .   j - scarf {repulsion}
rCorr    +         Rampage  .   (no gloves)
Will     .....                  (no boots)
Stlth    +.........             (no amulet)
HPRegen  0.00/turn              k - ring of resist corrosion
MPRegen  0.11/turn              (no ring)

@: repel missiles
A: claws 1, cold resistance 1, negative energy resistance 3, inhibited
regeneration, torment resistance, unbreathing
a: no special abilities


You were on level 9 of the Dungeon.
You visited 2 branches of the dungeon, and saw 11 of its levels.

You collected 346 gold pieces.

Inventory:

Hand Weapons
 a - a +1 long sword (weapon)
 b - a +4 dagger of speed
Armour
 c - a +2 helmet (worn)
 d - the +3 warlock's mirror (worn) {reflect}
   (You found it on level 7 of the Dungeon)
 e - a +0 leather armour (worn)
 j - a scarf of repulsion (worn)
Jewellery
 k - a ring of resist corrosion (left claw)
Scrolls
 h - 2 scrolls of identify
 i - 4 scrolls of remove curse
 l - a scroll of blinking
Potions
 f - a potion of cancellation


   Skills:
 + Level 5.6 Fighting
 * Level 6.8 Long Blades
 - Level 1.7 Throwing
 + Level 4.2 Armour
 + Level 5.1 Dodging
 + Level 1.8 Shields


You had 8 spell levels left.
You didn't know any spells.
Your spell library contained the following spells:

 Spells                   Type           Power        Failure   Level
 Confusing Touch          Hex            0%           96%         3
 Gell's Gravitas          Tloc           0%           96%         3
 Petrify                  Tmut/Erth      0%           100%        4
 Metabolic Englaciation   Hex/Ice        0%           100%        5
 Yara's Violent Unravell  Hex/Tmut       0%           100%        5


Dungeon Overview and Level Annotations

Branches:
Dungeon (10/15)            Temple (1/1) D:7            Lair (0/6) D:9
    Orc (0/2) D:9

Altars:
Cheibriados
Dithmenos
Elyvilon
Fedhas
Gozag
Hepliaklqana
Makhleb
Nemelex Xobeh
Okawaru
Qazlal
Ru
Sif Muna
Trog
Vehumet
Wu Jian
Xom
Yredelemnul
Zin
The Shining One

Shops:
D:9 [

Annotations:
D:7 Menkaure


Innate Abilities, Weirdness & Mutations

You thrive by killing the living.
You are immune to poison.
You have sharp fingernails.
Your flesh is cold resistant. (rC+)
You are immune to negative energy. (rN+++)
You do not regenerate when monsters are visible.
You are immune to unholy pain and torment.
You can survive without breathing.


Message History

The orc warrior is heavily wounded.
You closely miss the orc warrior.
The orc warrior is heavily wounded.
The orc warrior hits you with a +0 mace.
* * * LOW HITPOINT WARNING * * *
You barely miss the orc warrior.
The orc warrior is heavily wounded.
You hit the orc warrior but do no damage.
The orc warrior is heavily wounded.
You block the orc warrior's attack.
You slash the orc warrior!
The orc warrior is severely wounded.
The orc warrior hits you with a +0 mace!
* * * LOW HITPOINT WARNING * * *
Okay, then.
Okay, then.
You hit the orc warrior but do no damage.
The orc warrior is severely wounded.
The orc warrior hits you with a +0 mace!
You die...

...... #####....###
#..rr......##
#.rrr......(#
#...#r....#.#######.
#..#r..Y..#().......
....r.....###)..$....
.....>..Y.# #........
.....Y....# #@.......
..........# #o.......
#.......... #÷.......
#...........#...[....
#.........#.#.((.....
#...........###.####
. .# # .. .#


You could see an orc warrior.

Vanquished Creatures
  A hornet (D:7)
  2 water moccasins (D:5)
  2 ogres (D:4)
  A centaur (D:9)
  2 bullfrogs
  A howler monkey (D:4)
  2 centaur zombies
  A jelly (D:9)
  A hound (D:4)
  An orc priest (D:4)
  4 orc wizards
  5 worker ants
  An iguana (D:5)
  2 hell rats (D:9)
  A hound zombie (D:7)
  A worker ant zombie (D:6)
  Robin (D:3)
  3 gnolls
  5 adders
  A shadow imp (D:4)
  A worm (D:2)
  A dart slug (D:2)
  5 leopard geckos
  16 orcs
  2 ball pythons
  11 bats
  5 giant cockroaches
  2 gnoll zombies (D:7)
  16 goblins
  10 hobgoblins
  6 jackals
  4 quokkas
  3 frilled lizards
  2 jackal skeletons (D:4)
  6 kobolds
  10 rats
138 creatures vanquished.

Vanquished Creatures (others)
  A sky beast (D:5)
  An iguana (D:4)
  2 orcs (D:4)
4 creatures vanquished.

Grand Total: 142 creatures vanquished

Notes
Turn   | Place    | Note
-------+----------+-------------------------------------------
     0 | D:1      | Borgoz the Ghoul Gladiator began the quest for the Orb.
     0 | D:1      | Reached XP level 1. HP: 17/17 MP: 0/0
   135 | D:1      | Reached XP level 2. HP: 18/25 MP: 1/1
   294 | D:1      | Reached skill level 3 in Long Blades
   863 | D:2      | Reached XP level 3. HP: 27/30 MP: 2/2
  1000 | D:2      | Reached skill level 1 in Armour
  1324 | D:2      | Reached XP level 4. HP: 30/37 MP: 3/3
  1533 | D:2      | Found an opulent altar of Gozag.
  1561 | D:3      | Found a burning altar of Makhleb.
  1978 | D:3      | Noticed Robin
  1983 | D:3      | Killed Robin
  2034 | D:3      | Reached XP level 5. HP: 27/45 MP: 4/4
  2933 | D:4      | Reached skill level 4 in Long Blades
  3101 | D:4      | Reached XP level 6. HP: 48/51 MP: 5/5
  3345 | D:4      | Found a radiant altar of Vehumet.
  3491 | D:4      | Reached XP level 7. HP: 51/59 MP: 6/6
  3558 | D:4      | Reached skill level 5 in Long Blades
  4098 | D:5      | Entered Level 5 of the Dungeon
  4915 | D:5      | Reached XP level 8. HP: 54/67 MP: 7/7
  5265 | D:5      | Found a snail-covered altar of Cheibriados.
  5439 | D:5      | Found an iron altar of Okawaru.
  5500 | D:5      | Found a stormy altar of Qazlal.
  5630 | D:5      | Reached skill level 6 in Long Blades
  5901 | D:6      | Reached skill level 5 in Fighting
  6046 | D:6      | Found a sparkling altar of Nemelex Xobeh.
  6139 | D:7      | Found the +3 warlock's mirror {reflect}
  6480 | D:7      | Found a staircase to the Ecumenical Temple.
  6496 | Temple   | Entered the Ecumenical Temple
  6949 | D:7      | Noticed a hornet
  6979 | D:7      | Killed a hornet
  6980 | D:7      | Reached skill level 1 in Shields
  7332 | D:7      | Found a basalt altar of Yredelemnul.
  7361 | D:7      | Noticed Menkaure
  7362 | D:7      | You fall into a shaft and drop 2 floors!
  7362 | D:9      | Found a staircase to the Lair.
  7362 | D:9      | Noticed a death yak
  7362 | D:9      | Noticed a death yak
  7363 | D:9      | Noticed a death yak
  7365 | D:9      | Found Waideupn's Armour Emporium.
  7486 | D:9      | Noticed a troll
  7492 | D:9      | Found a staircase to the Orcish Mines.
  7540 | D:9      | Noticed a boulder beetle
  7551 | D:8      | Reached skill level 5 in Dodging
  7940 | D:9      | Noticed a troll
  8012 | D:10     | Entered Level 10 of the Dungeon
  8265 | D:9      | Reached XP level 9. HP: 21/75 MP: 8/8
  8275 | D:9      | HP: 1/75 [orc warrior/+0 mace (11)]
  8276 | D:9      | Mangled by an orc warrior

Illustrated notes

Levels and vault maps discovered:
D:1:      dpeg_arrival_houses_and_road, layout_basic
D:2:      layout_loops_corners, nicolae_gozag_cash_rules_everything_around_me
D:3:      layout_loops_corners, bloody_makhleb, uniq_robin
D:4:      layout_basic, fiery_altar_vehumet
D:5:      layout_rooms, marbit_many_paths, general_overflow_altar,
          kennysheep_mini_moat, minmay_misc_feat_chi
D:6:      kennysheep_kobold_camp, layout_basic,
          nemelex_xobeh_ov_fountains_minmay, basic_altar
D:7:      layout_cave_pods, lemuel_zombie_altar_yredelemnul,
          minmay_temple_entry_overgrown, serial_column_ruins,
          column_ruins_courtyard_long, column_ruins_square_small,
          column_ruins_grid_1, column_ruins_columns_straight,
          column_ruins_grid_2, column_ruins_columns_straight,
          column_ruins_corridor_corner, column_ruins_open_tiny, kennysheep_dice,
          uniq_menkaure
D:8:      layout_basic, lemuel_round_altar, eat_drink_and_be_merry_uskayaw,
          jiyva_altar_1, uniq_harold
D:9:      layout_rooms, lemuel_round_altar, dpeg_lair_monsters, serial_shops,
          nicolae_shop_crystal, shop, nicolae_shop_statue_plus, shop,
          nicolae_shop_statue_plus, minmay_curled_crystal, fedhas_altar_1
D:10:     layout_roguey, minmay_misc_feat_square, unseen_surprise_small,
          uniq_sonja
Temple:   minmay_temple_forest_path

Skill      XL: |  1  2  3  4  5  6  7  8 |
---------------+-------------------------+-----
Long Blades    | 3 4 5 6 |  6.8
Dodging        | 3 4 5 |  5.1
Armour         | 1 2 3 4 |  4.2
Fighting       | 3 4 5 |  5.6
Shields        | 1 |  1.8
Throwing       | |  1.7

Action                   |  1- 3 |  4- 6 |  7- 9 || total
-------------------------+-------+-------+-------++-------
Melee: Long sword        |   102 |    77 |    97 ||   276
       Dagger            |       |   162 |   288 ||   450
Throw: Throwing net      |       |     4 |     3 ||     7
  Use: Scroll            |       |    11 |    12 ||    23
       Potion            |       |     3 |     7 ||    10
 Stab: Held in net/web   |       |     2 |       ||     2
Armor: Leather armour    |    44 |    50 |    55 ||   149
Dodge: Dodged            |    97 |   147 |   213 ||   457
       Repelled          |       |       |     1 ||     1
Block: Buckler           |       |       |    51 ||    51
       Reflection        |       |       |     3 ||     3
       Rpst.: Long sword |    29 |    26 |    20 ||    75
